 Dungeon Crawl Stone Soup version 0.14-a0-1403-g5d3c58f (webtiles) character file.

363 PolkaDot the Ducker (level 5, 0/38 HPs)
             Began as a Vampire Death Knight on Dec 10, 2013.
             Was a Priest of Yredelemnul.
             Succumbed to mopl's ghost's sting
             ... on Level 3 of the Dungeon.
             The game lasted 00:09:16 (1773 turns).

PolkaDot the Ducker (Vampire Death Knight)          Turns: 1773, Time: 00:09:17

HP   0/38        AC  3     Str 12      XL: 5   Next: 57%
MP   6/6         EV 13     Int 13      God: Yredelemnul [***...]
Gold 152         SH  0     Dex 14      Spells:  0 memorised,  4 levels left

rFire  . . .     SeeInvis +     p - +1,+0 falchion (vamp)
rCold  . . .     Clarity  .     f - +0 leather armour (curse)
rNeg   . . .     Conserve +     (no shield)
rPois  .         rCorr    .     (no helmet)
rElec  .         rRot     .     (no cloak)
SustAb + .       Spirit   .     (no gloves)
rMut   .         Warding  .     (no boots)
Saprov . . .     Stasis   .     e - amulet of conservation {unknown}
                                a - ring of sustenance
                                c - ring of sustain abilities

@: regenerating quickly, mildly poisoned, slightly resistant to hostile
enchantments, unstealthy
A: fangs 3, see invisible, unbreathing
a: Animate Dead, Recall Undead Slaves, Injury Mirror, Renounce Religion


You were on level 3 of the Dungeon.
You worshipped Yredelemnul.
Yredelemnul was most pleased with you.
You were full.

You visited 1 branch of the dungeon, and saw 3 of its levels.

You collected 152 gold pieces.

Inventory:

Hand weapons
 h - a +3,+0 elven short sword of speed
 p - a +1,+0 vampiric falchion (weapon)
Armour
 f - a cursed +0 leather armour (worn)
Scrolls
 b - 2 scrolls of remove curse {unknown}
 d - a scroll of immolation
 g - a scroll of teleportation
 i - a scroll of noise {unknown}
 j - 4 scrolls of identify {unknown}
 k - 2 scrolls of curse weapon {unknown}
 l - a scroll of magic mapping {unknown}
Jewellery
 a - a ring of sustenance (right hand)
 c - a ring of sustain abilities (left hand)
 e - an amulet of conservation (around neck) {unknown}


   Skills:
 + Level 2.0 Fighting
 - Level 3.8 Short Blades
 * Level 2.7 Long Blades
 - Level 0.7 Armour
 + Level 4.4 Dodging
 - Level 2.4 Invocations


You had 4 spell levels left.
You didn't know any spells.

Dungeon Overview and Level Annotations

Branches:
Dungeon (3/16)

Altars:


Innate Abilities, Weirdness & Mutations

Your natural rate of healing is unusually fast.
You have razor-sharp teeth.*
You have supernaturally acute eyesight.
You can survive without breathing.*


Message History

* * * LOW HITPOINT WARNING * * *
You feel sick.
You now have 152 gold pieces (gained 12).
* * * LOW HITPOINT WARNING * * *
You feel sick.
You feel a little less agile now.
* * * LOW HITPOINT WARNING * * *
You feel sick.
You see here a meat ration.
* * * LOW HITPOINT WARNING * * *
You feel sick.
* * * LOW HITPOINT WARNING * * *
You feel sick.
* * * LOW HITPOINT WARNING * * *
You feel sick.
* * * LOW HITPOINT WARNING * * *
You feel sick.
You feel a little better.
You die...
Yredelemnul claims you as an undead slave.

. .#.........##. ...
........z..##. #..
..#......z###. ..
#..........# # ..
#.......##.. #.##.
........%#zz. ...
#.......#..# ##.##
###.####..# #..@###
##...###z.# #.....#
##.......... #...#z#
#.......#...
#####z###..z.z......
#...%z.zz....##.
######.....####.
##.[.......
#########. #.


You could see 2 friendly grey rat zombies.

Vanquished Creatures
  The ghost of mopl the Stinger, an average OpVM (D:3)
  Terence (D:2)
  10 adders
  A giant mite (D:2)
  A worm (D:2)
  An orc (D:3)
  2 goblins (D:3)
  2 grey rats (D:2)
  8 hobgoblins
  2 jackals (D:3)
  8 kobolds
  A quokka (D:2)
  A ball python (D:2)
  3 bats
  2 giant cockroaches (D:2)
  3 giant newts
  24 rats
71 creatures vanquished.

Vanquished Creatures (collateral kills)
  2 adder zombies (D:3)
  A grey rat (D:2)
  A giant newt (D:2)
  2 kobolds (D:3)
  A rat (D:3)
  2 rat zombies (D:3)
9 creatures vanquished.

Vanquished Creatures (others)
  An adder skeleton (D:3)
1 creature vanquished.

Grand Total: 81 creatures vanquished

Notes
Turn   | Place    | Note
--------------------------------------------------------------
     0 | D:1      | PolkaDot, the Vampire Death Knight, began the quest for the Orb.
     0 | D:1      | Reached XP level 1. HP: 16/16 MP: 1/1
   188 | D:1      | Reached XP level 2. HP: 22/22 MP: 2/2
   633 | D:2      | Acquired Yredelemnul's second power
   633 | D:2      | Reached XP level 3. HP: 19/27 MP: 4/4
   675 | D:2      | Reached skill level 3 in Short Blades
   894 | D:2      | Reached XP level 4. HP: 26/33 MP: 5/5
  1026 | D:2      | Reached skill level 4 in Dodging
  1173 | D:2      | Noticed Terence
  1215 | D:2      | Killed Terence
  1385 | D:2      | Reached XP level 5. HP: 38/38 MP: 6/6
  1416 | D:2      | Reached skill level 1 in Long Blades
  1502 | D:3      | Acquired Yredelemnul's third power
  1695 | D:3      | Noticed mopl's ghost (average OpVM)
  1710 | D:3      | Killed mopl's ghost
  1772 | D:3      | HP: 1/38 [poisoned by mopl's ghost (sting)]
  1773 | D:3      | Succumbed to mopl's ghost's sting

Action                   |  1- 3 |  4- 6 || total
-------------------------+-------+-------++-------
Melee: Short sword       |   121 |    87 ||   208
       Falchion          |       |    92 ||    92
Invok: Animate Remains   |     1 |     2 ||     3
       Recall Undead Sla |       |     1 ||     1
       Animate Dead      |       |     1 ||     1
Evoke: Wand              |       |     1 ||     1
  Use: Potion            |     5 |     4 ||     9
       Scroll            |       |     2 ||     2
